 Dungeon Crawl Stone Soup version 0.29.1-2-gbd0b4ee654 (webtiles) character file.

Game seed: 16167384665033686716

21 zermelo the Chopper (level 2, -1/39 HPs)
             Began as a Minotaur Berserker on Dec 1, 2022.
             Was a Follower of Trog.
             Slain by a gnoll
             ... wielding a +0 club
              (7 damage)
             ... on level 1 of the Dungeon.
             The game lasted 00:02:36 (1121 turns).

zermelo the Chopper (Minotaur Berserker)            Turns: 1121, Time: 00:02:36

Health: -1/39      AC:  5    Str: 21    XL:     2   Next: 65%
Magic:  1/1        EV: 11    Int:  4    God:    Trog [*.....]
Gold:   29         SH:  0    Dex:  9    Spells: 1/1 levels left

rFire   . . .      SeeInvis .   a - +0 hand axe
rCold   . . .      Faith    .   (no shield)
rNeg    . . .      Spirit   .   g - +0 ring mail
rPois   .          Reflect  .   (helmet restricted)
rElec   .          Harm     .   (no cloak)
rCorr   .          Rampage  .   (no gloves)
Will    .....                   (no boots)
Stlth   ..........              (no amulet)
HPRegen 0.13/turn               (no ring)
MPRegen 0.07/turn               (no ring)

@: berserking, very quick
A: horns 2, retaliatory headbutt
a: Renounce Religion, Berserk


You were on level 1 of the Dungeon.
You worshipped Trog.
Trog was aware of your devotion.
You visited 1 branch of the dungeon, and saw 2 of its levels.

You collected 29 gold pieces.

Inventory:

Hand Weapons
 a - a +0 hand axe (weapon)
Missiles
 k - 11 poisoned darts (quivered)
Armour
 g - a +0 ring mail (worn)
Scrolls
 b - 4 scrolls of teleportation {unknown}
 d - 3 scrolls of identify {unknown}
 e - a scroll of amnesia {unknown}
 h - 4 scrolls of butterflies {unknown}
 i - a scroll of silence {unknown}
 l - a scroll of immolation {unknown}
 n - a scroll of magic mapping {unknown}
Potions
 c - 2 potions of haste {unknown}
 f - a potion of lignification {unknown}
 j - a potion of curing {unknown}
 m - a potion of brilliance {unknown}


   Skills:
 - Level 3.6 Fighting
 + Level 4.9 Axes
 - Level 2.4 Armour
 - Level 2.1 Dodging


You had one spell level left.
You didn't know any spells.
Your spell library was empty.

Dungeon Overview and Level Annotations

Branches:
Dungeon (2/15)

Altars:


Innate Abilities, Weirdness & Mutations

You have a pair of horns on your head.
You reflexively headbutt those who attack you in melee.


Message History

Trog accepts your kill. The quokka barely misses you. x2
You see here a +0 spear.
You hit the quokka.
The quokka is almost dead.
You closely miss the gnoll. The quokka closely misses you.
A gnoll comes into view. It is wielding a +0 flail.
The gnoll barely misses you.
You hit the quokka.
You kill the quokka!
Trog accepts your kill.
The gnoll hits you from afar with a +0 spear.
You hit the gnoll. You punch the gnoll.
The gnoll is moderately wounded.
The gnoll hits you with a +0 club. The gnoll misses you.
You barely miss the gnoll.
The gnoll is moderately wounded.
The gnoll hits you with a +0 club. The gnoll barely misses you.
You hit the gnoll but do no damage.
The gnoll is moderately wounded.
The gnoll hits you from afar with a +0 spear.
The gnoll barely misses you.
You barely miss the gnoll. Your headbutt misses the gnoll.
The gnoll is moderately wounded.
The gnoll misses you. You furiously retaliate!
You headbutt the gnoll.
The gnoll hits you from afar with a +0 spear.
There is a stone staircase leading up here.
The gnoll hits you from afar with a +0 spear.
* * * LOW HITPOINT WARNING * * *
The gnoll hits you but does no damage.
You climb upwards.
There is a stone staircase leading down here.
You barely miss the gnoll.
The gnoll is heavily wounded.
The gnoll hits you with a +0 club.
* * * LOW HITPOINT WARNING * * *
A red film seems to cover your vision as you go berserk!
You feel yourself moving faster!
You feel mighty! The gnoll hits you with a +0 club!
You die...

#.# #.#.##.#.#...#.#
#.# #.#.##.#.#..##.#
#.# #.#.##.#.#..##.#
##'####.#.##.#.#.....#
......#.#.##.#.#.#####
......#.#.##.#.#.#
......#.#.##.#.#.#
......#.#.##...g.#
..........##.#.#@#
........#.####.###
........#........#
.#####..#.####.#.# .#
#..#.# #.#.# .# #..#.#
#.#.# .# #..#.# #.#.#
.# #..#.# #.#.# ####
#..#.# #.#.#


You could see a gnoll.

Vanquished Creatures
  A gnoll (D:2)
  3 goblins (D:1)
  A kobold (D:1)
  2 quokkas
  A ball python (D:1)
  3 rats (D:1)
11 creatures vanquished.

Notes
Turn   | Place    | Note
-------+----------+-------------------------------------------
     0 | D:1      | zermelo the Minotaur Berserker began the quest for the Orb.
     0 | D:1      | Reached XP level 1. HP: 19/19 MP: 0/0
   176 | D:1      | Found a faded altar of an unknown god.
   181 | D:1      | Reached skill level 4 in Axes
   495 | D:1      | Reached XP level 2. HP: 20/26 MP: 1/1
  1121 | D:1      | Slain by a gnoll

Illustrated notes

Levels and vault maps discovered:
D:1:      lightli_arrival_quake, layout_basic,
          ebering_ecumenical_altar_sacrificial, minmay_misc_feat_hallway
D:2:      layout_basic, basic_altar, nicolae_wormholes

Skill      XL: |  1 |
---------------+----+-----
Axes           | 4 |  4.9
Fighting       | |  3.6
Armour         | |  2.4
Dodging        | |  2.1

Action                   || total
-------------------------++-------
Melee: Hand axe          ||    24
       Headbutt          ||     2
       Punch             ||     2
Invok: Berserk           ||     1
Armor: Ring mail         ||     7
Dodge: Dodged            ||    22
